 Dungeon Crawl Stone Soup version 0.25.1-2-g60ff931df9 (webtiles) character file.

Game seed: 13326986243691209611

668716 sankara the Wrestler (level 27, -6/424 HPs)
             Began as a Troll Monk on Sept 2, 2020.
             Was the Champion of Ru.
             Killed from afar by a starcursed mass (28 damage)
             ... with an accursed screaming
             ... while paralysed by accursed screaming
             ... on level 1 of the Abyss on Sept 3, 2020.
             The game lasted 06:42:14 (74100 turns).

sankara the Wrestler (Troll Monk)                  Turns: 74100, Time: 06:42:15

Health: -6/424     AC: 29    Str: 26    XL:     27
Magic:  17/22      EV:  1    Int:  6    God:    Ru [******]
Gold:   6254       SH:  0    Dex: 19    Spells: 12/26 levels left

rFire    + + +     SeeInvis +     - Unarmed
rCold    + + .     Gourm    +   G - +10 tower shield of Ignorance {rN+ Int-4}
rNeg     + + .     Faith    .   z - +0 gold dragon scales
rPois    +         Spirit   .   c - +2 hat {MR+}
rElec    +         Reflect  .   L - scarf {rC+ rF+}
rCorr    .         Harm     .   (gloves unavailable)
MR       +++++     Clarity  +   (boots unavailable)
Stlth    ..........             X - amulet of Kolucs {Acrobat rF+ MR++ Str-4 SInv}
HPRegen  1.60/turn              o - ring of the Foremost Bones {rN+ Dex+4}
MPRegen  0.18/turn              i - ring of Hiexier {rElec EV+4 Str+3}

@: paralysed, berserking (expiring), lethally poisoned (-6 -> -6), exhausted,
overwhelmed with horror, very slightly contaminated, lightly drained, invisible
A: large, unfitting armour, claws 3, slimy green scales 1, blurry vision 1,
clarity, fast metabolism 3, gourmand, regeneration 2, shaggy fur 1, tough skin
3, weak 1, no stealth, inability to use devices, cowardly, unskilled 1, missing
an eye
}: 4/15 runes: serpentine, barnacled, silver, abyssal
a: Draw Out Power, Power Leap, Apocalypse, Renounce Religion


You were on level 1 of the Abyss.
You worshipped Ru.
Ru was exalted by your worship.
You were not hungry.

You visited 12 branches of the dungeon, and saw 50 of its levels.
You visited the Abyss 2 times.
You also visited: Sewer, Bailey, Gauntlet and Ice Cave.

You collected 9825 gold pieces.
You spent 3571 gold pieces at shops.

Inventory:

Missiles
 d - 1683 stones
 e - 5 curare-tipped darts
 g - 447 sling bullets
 p - 8 throwing nets
 q - 54 silver javelins
 s - 2 atropa-tipped darts
 y - 161 large rocks (quivered)
 I - 79 boomerangs
 P - 36 javelins
 T - 4 boomerangs of dispersal
Armour
 c - a +2 hat of magic resistance (worn)
 z - +0 gold dragon scales (worn)
 G - the +10 tower shield of Ignorance (worn) {rN+ Int-4}
   (You found it on level 1 of the Orcish Mines)

   It affects your intelligence (-4).
   It protects you from negative energy.
 L - a scarf of resistance (worn)
Jewellery
 i - the ring of Hiexier (right claw) {rElec EV+4 Str+3}
   (You found it on level 13 of the Dungeon)

   [ring of evasion]

   It affects your evasion (+4).
   It affects your strength (+3).
   It insulates you from electricity.
 o - the ring of the Foremost Bones (left claw) {rN+ Dex+4}
   (You found it in a Gauntlet)

   [ring of positive energy]

   It affects your dexterity (+4).
   It protects you from negative energy.
 v - an uncursed ring of resist corrosion
 A - the ring of Utamuq {rC- MP+9 Int+5}
   (You found it on level 3 of the Abyss)

   [ring of magical power]

   It affects your intelligence (+5).
   It makes you vulnerable to cold.
   It affects your magic capacity (+9).
 X - the amulet of Kolucs (around neck) {Acrobat rF+ MR++ Str-4 SInv}
   (You took it off a deep elf blademaster on level 3 of the Elven Halls)

   [amulet of the acrobat]

   It helps you evade while moving and waiting.
   It affects your strength (-4).
   It protects you from fire.
   It affects your resistance to hostile enchantments.
   It lets you see invisible.
Scrolls
 a - 3 scrolls of magic mapping
 f - 13 scrolls of fog
 l - 27 scrolls of remove curse
 m - 3 scrolls of holy word
 t - 7 scrolls of blinking
 C - 27 scrolls of teleportation
 K - 6 scrolls of fear
 U - 9 scrolls of identify
Potions
 j - 19 potions of curing
 k - 6 potions of flight
 w - 10 potions of heal wounds
 D - 5 potions of cancellation
 E - 7 potions of stabbing
 F - 10 potions of mutation
 H - 3 potions of resistance
 Q - 2 potions of berserk rage
 V - 5 potions of haste
 Y - 3 potions of invisibility
 Z - 10 potions of might
Comestibles
 S - 105 rations


   Skills:
 - Level 18.2(17.5) Fighting
 - Level 14.4(13.7) Throwing
 + Level 18.9(18.2) Armour
 - Level 9.0(8.4) Dodging
 * Level 3.9(3.4) Shields
 - Level 26.0(25.2) Unarmed Combat
 - Level 4.0(3.4) Hexes
 - Level 7.0(6.5) Necromancy
 - Level 6.0(5.4) Translocations


You had 12 spell levels left.
You knew the following spells:

 Your Spells              Type           Power        Failure   Level  Hunger
a - Blink                 Tloc           N/A          100%        2    ###....
b - Animate Skeleton      Necr           N/A          100%        1    ##.....
c - Beastly Appendage     Tmut           #.....       100%        1    ##.....
d - Passwall              Tmut/Erth      #.......     100%        2    ###....
e - Apportation           Tloc           #.....       100%        1    ##.....
f - Portal Projectile     Hex/Tloc       #.....       100%        3    ####...
g - Animate Dead          Necr           N/A          100%        4    #####..

Your spell library contained the following spells:

 Spells                   Type           Power        Failure   Level  Hunger
 Corona                   Hex            #......      100%        1    ##.....
 Infusion                 Chrm           #...         100%        1    ##.....
 Magic Dart               Conj           #...         100%        1    ##.....
 Pain                     Necr           #...         100%        1    ##.....
 Shock                    Conj/Air       #...         100%        1    ##.....
 Summon Butterflies       Summ           #.......     100%        1    ##.....
 Summon Small Mammal      Summ           #...         100%        1    ##.....
 Call Imp                 Summ           #.......     100%        2    ###....
 Corpse Rot               Necr/Air       N/A          100%        2    ###....
 Ensorcelled Hibernation  Hex/Ice        #.....       100%        2    ###....
 Searing Ray              Conj           #.....       100%        2    ###....
 Shroud of Golubria       Chrm/Tloc      #.....       100%        2    ###....
 Slow                     Hex            #.......     100%        2    ###....
 Song of Slaying          Chrm           #.......     100%        2    ###....
 Sticks to Snakes         Tmut           #.......     100%        2    ###....
 Sublimation of Blood     Necr           #.........   100%        2    ###....
 Swiftness                Chrm/Air       #.......     100%        2    ###....
 Confusing Touch          Hex            #.......     100%        3    ####...
 Conjure Flame            Conj/Fire      #.......     100%        3    ####...
 Dazzling Flash           Conj/Hex       #.....       100%        3    ####...
 Gell's Gravitas          Tloc           #.........   100%        3    ####...
 Lesser Beckoning         Tloc           #.........   100%        3    ####...
 Mephitic Cloud           Conj/Pois/Air  #.......     100%        3    ####...
 Ozocubu's Armour         Chrm/Ice       #.......     100%        3    ####...
 Recall                   Summ/Tloc      N/A          100%        3    ####...
 Spectral Weapon          Hex/Chrm       #.......     100%        3    ####...
 Spider Form              Tmut/Pois      #.........   100%        3    ####...
 Static Discharge         Conj/Air       #.......     100%        3    ####...
 Tukima's Dance           Hex            #.......     100%        3    ####...
 Airstrike                Air            #.........   100%        4    #####..
 Cause Fear               Hex            #.........   100%        4    #####..
 Dispel Undead            Necr           #.......     100%        4    #####..
 Fulminant Prism          Conj/Hex       #.........   100%        4    #####..
 Ice Form                 Ice/Tmut       #.......     100%        4    #####..
 Iskenderun's Mystic Bla  Conj/Tloc      #.......     100%        4    #####..
 Olgreb's Toxic Radiance  Pois           #.......     100%        4    #####..
 Passage of Golubria      Tloc           N/A          100%        4    #####..
 Petrify                  Tmut/Erth      #.......     100%        4    #####..
 Summon Ice Beast         Ice/Summ       #.......     100%        4    #####..
 Agony                    Necr           #.......     100%        5    ######.
 Alistair's Intoxication  Tmut/Pois      #.......     100%        5    ######.
 Blade Hands              Tmut           #.........   100%        5    ######.
 Bolt of Magma            Conj/Fire/Erth #.........   100%        5    ######.
 Borgnjor's Vile Clutch   Necr/Erth      #.........   100%        5    ######.
 Excruciating Wounds      Chrm/Necr      #.........   100%        5    ######.
 Irradiate                Conj/Tmut      #.........   100%        5    ######.
 Iskenderun's Battlesphe  Conj/Chrm      #.......     100%        5    ######.
 Lee's Rapid Deconstruct  Erth           #.........   100%        5    ######.
 Lightning Bolt           Conj/Air       #.........   100%        5    ######.
 Metabolic Englaciation   Hex/Ice        #.........   100%        5    ######.
 Silence                  Hex/Air        #.........   100%        5    ######.
 Yara's Violent Unravell  Hex/Tmut       #.........   100%        5    ######.
 Darkness                 Hex            #.........   100%        6    #######
 Death Channel            Necr           #.........   100%        6    #######
 Dispersal                Tloc           #.........   100%        6    #######
 Eringya's Noxious Bog    Tmut/Pois      #.........   100%        6    #######
 Hydra Form               Tmut           #.........   100%        6    #######
 Invisibility             Hex            #.......     100%        6    #######
 Iron Shot                Conj/Erth      #.........   100%        6    #######
 Ozocubu's Refrigeration  Ice            #.........   100%        6    #######
 Simulacrum               Ice/Necr       #.........   100%        6    #######
 Starburst                Conj/Fire      #.........   100%        6    #######
 Statue Form              Tmut/Erth      #........    100%        6    #######
 Dragon Form              Tmut           #.........   100%        7    #######
 Haunt                    Necr/Summ      #.........   100%        7    #######
 Malign Gateway           Summ/Tloc      #.........   100%        7    #######
 Monstrous Menagerie      Summ           #.........   100%        7    #######
 Orb of Destruction       Conj           #.........   100%        7    #######
 Spellforged Servitor     Conj/Summ      #.........   100%        7    #######
 Summon Greater Demon     Summ           #.........   100%        7    #######
 Borgnjor's Revivificati  Necr           #.........   100%        8    #######
 Death's Door             Chrm/Necr      #.........   100%        8    #######
 Discord                  Hex            #.........   100%        8    #######
 Ignition                 Fire           #.........   100%        8    #######
 Infestation              Necr           #.........   100%        8    #######
 Necromutation            Tmut/Necr      #.........   100%        8    #######
 Summon Horrible Things   Summ           #.........   100%        8    #######
 Shatter                  Erth           #.........   100%        9    #######
 Tornado                  Air            #.........   100%        9    #######


Dungeon Overview and Level Annotations

Branches:
Dungeon (15/15)            Temple (1/1) D:7            Lair (6/6) D:10
 Shoals (4/4) Lair:3        Snake (4/4) Lair:2        Slime (0/5) Lair:6
    Orc (2/2) D:11            Elf (3/3) Orc:2        Vaults (5/5) D:14
  Crypt (3/3) Vaults:2       Tomb (0/3) Crypt:3      Depths (5/5) D:15
   Hell (visited)             Dis (0/7) Hell            Geh (1/7) Hell
    Coc (0/7) Hell            Tar (0/7) Hell            Zot (0/5) Depths:5
  Sewer (visited)          Bailey (visited)           IceCv (visited)
Gauntlet (visited)

Altars:
Ashenzari
Cheibriados
Dithmenos
Elyvilon
Fedhas
Gozag
Hepliaklqana
Kikubaaqudgha
Makhleb
Nemelex Xobeh
Okawaru
Qazlal
Ru
Sif Muna
Trog
Uskayaw
Vehumet
Wu Jian
Xom
Yredelemnul
Zin
The Shining One
Beogh

Shops:
D:6 (   Orc:2 (%=?   Elf:1 :   Elf:2 *   Shoals:1 (   Shoals:3 (   Shoals:4 }
Snake:1 *   Snake:2 [   Vaults:2 [*[[   Vaults:3 (   Vaults:4 (   Depths:4 *[!%

Portals:
Hell: Depths:1 Depths:2 Depths:3 Depths:4 Depths:5
Abyss: Depths:1 Depths:4
Pandemonium: Depths:1 Depths:2 Depths:3 Depths:4
Ziggurat: Depths:1

Annotations:
Shoals:4 exclusion: upstairs
Snake:3 1 runed translucent door, Gygal Fez's ghost, adept MiFi
Orc:1 1 runed translucent door, exclusion: 4 orange crystal statues


Innate Abilities, Weirdness & Mutations

You are too large for most types of armour.
You have claws for hands.
Your metabolism is lightning-fast.
You like to eat raw meat.
You heal very quickly.
You are covered in fur. (AC +1)
You have extremely tough skin. (AC +3)
You are weak. (Str -2)
You cannot be stealthy.
You cannot study or use magical devices.
Your cowardice makes you less effective in combat with threatening monsters.
You are somewhat unskilled. (-1 Apt)
You are missing an eye, making it more difficult to aim.
You are partially covered in slimy green scales. (AC +2)
Scrolls take you a little longer to read.
You possess an exceptional clarity of mind.


Message History

The starcursed mass is stunned by your will and fails to attack.
A starcursed mass splits.
The starcursed mass engulfs you but does no damage.
The ophan calls forth blessed flames!
Blessed fire suddenly surrounds you! The tentacled starspawn bites you!!
* * * LOW HITPOINT WARNING * * *
The tentacled starspawn barely misses you.
Some rock shatters into small pieces.
A starcursed mass splits.
Monsters!
Monsters everywhere!
You have to get out of here!
A cacodemon comes into view.
You feel sick.
The profane servitor is no longer blind.
The starcursed mass engulfs you but does no damage.
The starcursed mass is stunned by your will and fails to attack.
The starcursed mass engulfs you but does no damage.
You see a puff of smoke.
The ophan calls forth blessed flames!
The starcursed mass engulfs you but does no damage.
A cacophony of accursed wailing tears at your sanity!
You die...

......}#..##.
##.≈.........
....≈......#. ≈
......!.....###../.
...#≈≈.≈≈.....2#.X
.....§≈≈WX..........
##...≈.XXXWX.≈≈. X..
......XX@XXqXw≈.....
......XXXL.2Xw.... .
.....≈XAXXWX.......
....#...XXY.G/...≈
....#≈..ww†...... .#
.≈......)...( ...
..#............ .
...##........≈....
.... +.≈......≈.2..


You could see a profane servitor (slow), 16 starcursed masses, a tentacled
monstrosity, a dire elephant, a cacodemon, an ophan, a green draconian shifter,
3 tentacled starspawn, a lich, a reaper, a freezing wraith (summoned), 2 wraiths
and 4 starspawn tentacles.

Vanquished Creatures
  Mennas (Crypt:3)
  3 ancient liches
  Sojobo (Vaults:3)
  Boris (thrice) (Vaults:4 Depths:5 Vaults:2)
  A caustic shrike (Depths:2)
  Saint Roka (Vaults:1)
  Margery (Vaults:2)
  The ghost of wjh11 the Executioner, a veteran MiBe of Trog (Vaults:4)
  Vashnia (Snake:3)
  The ghost of Setanta the Slayer, an adept MiFi of Gozag (Vaults:2)
  Geryon (Hell)
  4 golden dragons
  The ghost of Hun Wiug the Devastator, a veteran GrEE of Lugonu (Crypt:2)
  Nikola (Elf:3)
  The ghost of HilariousDeathArtist the Champion of Chaos, an adept CeWn of Makhleb (Vaults:1)
  Jory (Vaults:4)
  The ghost of Iloemm the Executioner, an adept HOMo of Zin (Vaults:1)
  A Brimstone Fiend (Geh:1)
  7 bone dragons
  4 tentacled monstrosities
  Rupert (D:14)
  7 liches
  Asterion (Depths:3)
  A Hell Sentinel (Abyss:2)
  Jorgrun (Shoals:1)
  3 titans
  2 deep elf blademasters (Elf:3)
  2 quicksilver dragons (Depths:4)
  2 deep elf master archers (Elf:3)
  11 tentacled starspawn
  Gastronok (D:8)
  An Executioner (Abyss:3)
  7 tengu reavers
  5 sphinxes
  4 storm dragons
  Agnes (D:15)
  4 ancient champions
  3 shadow dragons (Vaults:5)
  Roxanne (D:14)
  7 nagarajas
  A revenant (Crypt:2)
  The ghost of Yjimoseergh the Spry, an adept SpFE of Dithmenos (Vaults:1)
  10 fire giants
  Aizul (Snake:2)
  8 ghouls
  6 deep elf sorcerers
  16 vault wardens
  3 emperor scorpions (Abyss:3)
  4 balrugs
  2 cacodemons (Abyss:3)
  13 frost giants
  2 iron dragons
  2 draconian scorchers
  5 deep elf elementalists (Elf:3)
  4 orc warlords
  13 ironheart preservers
  A draconian stormcaller (Depths:5)
  6 reapers (Hell)
  A draconian annihilator (Depths:5)
  16 very ugly things
  5 war gargoyles
  11 vampire knights
  2 entropy weavers (Vaults:4)
  A black draconian (Depths:5)
  22 stone giants
  A green draconian (Depths:5)
  A lorocyproca (Abyss:3)
  7 deep elf demonologists
  8 deep elf annihilators
  A minotaur (Gauntlet)
  A purple draconian (Depths:5)
  3 spark wasps
  5 eidola
  8 deep elf death magi
  4 blizzard demons
  2 green deaths
  19 ettins
  3 crystal guardians (Crypt:3)
  5 merfolk javelineers
  17 yaktaur captains
  10 fire dragons
  10 jiangshi
  8 great orbs of eyes
  6 merfolk impalers
  13 ice dragons
  16 naga warriors
  4 deep elf high priests
  A quicksilver dragon skeleton (Crypt:3)
  4 spriggan air magi
  9 hydras
  29 vault guards
  12 centaur warriors
  8 rakshasas
  56 two-headed ogres
  12 anacondas
  2 alligator snapping turtles
  6 death knights
  2 satyrs
  5 death yaks (Lair:6)
  A catoblepas (D:15)
  3 merfolk avatars
  12 deep troll shamans
  4 hell hogs
  5 tengu warriors
  22 ogre magi
  28 dancing weapons
  8 merfolk aquamancers
  A queen ant (Lair:2)
  9 deep troll earth magi
  2 orc high priests
  9 vampire magi
  47 small abominations
  6 spriggan berserkers
  Sonja (Lair:6)
  17 thrashing horrors
  14 hell knights
  A shock serpent (shapeshifter) (Vaults:5)
  9 shock serpents
  18 naga sharpshooters
  30 deep elf knights
  11 sun demons
  3 soul eaters
  2 shadow wraiths
  11 wretched stars
  2 iron trolls (Depths:4)
  33 large abominations
  5 spatial maelstroms
  A titan skeleton (Abyss:3)
  A storm dragon zombie (Crypt:3)
  4 storm dragon skeletons
  36 skeletal warriors
  2 sixfirhies
  30 deep trolls
  2 anaconda zombies (Hell)
  6 glowing orange brains
  A glowing orange brain (shapeshifter) (Vaults:5)
  3 salamander mystics
  3 flayed ghosts
  8 wizards
  2 swamp dragons (Abyss:3)
  2 unseen horrors (shapeshifter)
  13 deep elf archers
  4 unseen horrors
  12 sea snakes
  2 golden dragon zombies (Crypt:3)
  3 infernal demonspawn
  20 phantasmal warriors
  7 naga ritualists
  20 orc knights
  An orange crystal statue (Depths:3)
  25 harpies
  A harpy (shapeshifter) (Vaults:3)
  13 necromancers
  9 ironbrand convokers
  7 mana vipers
  2 anaconda skeletons
  A fire giant zombie (Crypt:1)
  4 wolf spiders
  10 worldbinders
  A wolf spider zombie (D:15)
  63 deep elf magi
  41 ugly things
  7 fauns
  3 iron dragon zombies
  An orb spider (shapeshifter) (Depths:1)
  8 orc sorcerers
  10 manticores
  A stone giant zombie (Crypt:1)
  15 elephants
  5 salamanders
  A human skeleton (Vaults:4)
  15 cyclopes
  13 guardian serpents
  6 merfolk sirens
  4 rust devils
  A frost giant skeleton (Vaults:4)
  A guardian serpent (shapeshifter) (Depths:3)
  28 black mambas
  11 naga magi
  An iron dragon skeleton (Crypt:3)
  3 apocalypse crabs
  5 water nymphs
  2 spiny frogs (shapeshifter)
  13 smoke demons
  3 gargoyles (Depths:4)
  12 spiny frogs
  22 vault sentinels
  5 orange demons
  3 hellions
  A yaktaur zombie (Vaults:4)
  7 rime drakes
  2 rime drakes (shapeshifter)
  4 ice statues
  A hellwing (Depths:4)
  2 efreet (Abyss:3)
  15 freezing wraiths
  2 spectral glowing shapeshifters (Vaults:4)
  3 tormentors
  8 komodo dragons
  3 demonic crawlers
  88 yaktaurs
  An elf (Depths:4)
  A spectral deep troll (Vaults:4)
  6 red devils
  3 kobold demonologists
  4 tengu conjurers
  16 ancient zymes
  A wind drake (shapeshifter) (Vaults:2)
  A hydra skeleton (Crypt:2)
  19 trolls
  44 merfolk
  2 silent spectres (Abyss:3)
  16 hornets
  3 jumping spiders (Vaults:4)
  A queen bee (Lair:5)
  15 ice devils
  6 polar bears
  3 meliai (Lair:5)
  2 tengu simulacra (Vaults:3)
  A wolf spider simulacrum (Abyss:3)
  10 wind drakes
  A troll (shapeshifter) (Vaults:3)
  An iron troll skeleton (Crypt:1)
  2 ettin zombies
  A raiju (shapeshifter) (Vaults:4)
  A fire dragon zombie (Crypt:1)
  20 raiju
  A death drake skeleton (Crypt:2)
  37 slime creatures
  16 hippogriffs
  6 dream sheep (Lair:6)
  A stone giant simulacrum (Abyss:3)
  20 blink frogs
  8 snapping turtles
  A snapping turtle (shapeshifter) (Abyss:3)
  48 flying skulls
  A black mamba zombie (Crypt:3)
  A frost giant simulacrum (Vaults:4)
  Sigmund (D:3)
  An ice dragon skeleton (Crypt:3)
  A shock serpent simulacrum (Abyss:2)
  A spriggan (shapeshifter) (Abyss:2)
  6 vampires
  An ettin skeleton (Abyss:3)
  10 ynoxinuls
  3 redbacks (Vaults:4)
  3 air elementals (Elf:2)
  2 shadows
  A tarantella (Vaults:4)
  13 wraiths
  16 spriggans
  2 humans
  An alligator skeleton (Crypt:1)
  18 basilisks
  3 black mamba skeletons
  6 fire elementals
  10 wyverns
  20 water elementals
  30 yaks
  12 fire bats
  9 chaos spawn
  10 neqoxecs
  A yak (shapeshifter) (Depths:1)
  4 hogs (D:8)
  2 human simulacra
  4 hungry ghosts
  2 steam dragons (Shoals:1)
  12 vampire mosquitoes
  9 wargs
  3 spatial vortices
  A swamp worm (D:13)
  20 soldier ants
  An insubstantial wisp (Abyss:2)
  60 nagas
  Edmund (D:5)
  A two-headed ogre zombie (Crypt:2)
  23 water moccasins
  A soldier ant (shapeshifter) (Vaults:3)
  2 hydra simulacra (Hell)
  An acid dragon (D:15)
  3 spiny frog zombies (Hell)
  The ghost of Farlane the Firebug, an amateur DEFE (D:4)
  6 hell hounds
  12 porcupines
  Duvessa (D:7)
  A spiny frog skeleton (Crypt:2)
  A phantom (Geh:1)
  65 starcursed masses
  4 ice beasts
  64 orc warriors
  A gelid demonspawn skeleton (Crypt:3)
  3 sky beasts
  An eye of draining (D:8)
  4 black bears
  An eye of draining (shapeshifter) (Depths:2)
  56 ogres
  21 boggarts
  9 necrophages
  35 wolves
  A snapping turtle skeleton (Crypt:3)
  20 centaurs
  An elf simulacrum (Vaults:4)
  13 crocodiles
  7 big kobolds
  Blork the orc (D:15)
  A salamander zombie (Crypt:2)
  23 bullfrogs
  A spiny frog simulacrum (Crypt:1)
  3 earth elementals
  2 wyvern skeletons
  4 scorpions
  Dowan (D:7)
  A polar bear zombie (Crypt:2)
  2 spectral wolves (Depths:4)
  33 killer bees
  22 wights
  A troll skeleton (Crypt:1)
  12 howler monkeys
  7 electric eels
  10 crimson imps
  5 centaur zombies
  8 quasits
  A bullfrog zombie (D:10)
  4 hounds
  4 centaur skeletons
  21 orc priests
  2 iguanas
  8 jellies
  Crazy Yiuf (D:2)
  A bullfrog skeleton (D:12)
  7 iron imps
  22 orc wizards
  45 worker ants
  Terence (D:2)
  A demigod skeleton (Crypt:2)
  A dwarf skeleton (Crypt:2)
  A hound skeleton (D:6)
  A hound zombie (D:4)
  4 worker ant zombies
  9 gnolls
  A howler monkey skeleton (D:8)
  23 adders
  A river rat (Sewer)
  7 shadow imps
  16 white imps
  14 ufetubi
  An ooze (Lair:6)
  A halfling zombie (Crypt:1)
  3 adder skeletons
  3 adder zombies
  A worm (D:2)
  2 dart slugs
  8 leopard geckos
  108 orcs
  6 spectral bats (Abyss:3)
  A ball python (Lair:2)
  7 giant cockroaches
  14 goblins
  15 hobgoblins
  20 jackals
  42 kobolds
  5 quokkas
  16 bats
  5 bat simulacra (Abyss:3)
  A dart slug zombie (Crypt:1)
  4 frilled lizards
  A leopard gecko skeleton (D:4)
  A quokka skeleton (D:5)
  3 quokka zombies
  9 rats
  9 briar patches (D:13)
  3 crawling corpses (Vaults:5)
  A fungus (Lair:4)
  2 plants
  11 starspawn tentacles
  A withered plant (Crypt:2)
3181 creatures vanquished.

Vanquished Creatures (collateral kills)
  A tentacled starspawn (Abyss:3)
  A tengu reaver (Vaults:5)
  3 fire giants
  A frost giant (Depths:4)
  2 ironheart preservers (Vaults:5)
  3 stone giants
  A very ugly thing (Vaults:4)
  A war gargoyle (Vaults:5)
  A great orb of eyes (Depths:3)
  A deep elf high priest (Vaults:5)
  2 fire dragons (Depths:3)
  2 vault guards (Vaults:5)
  An ice dragon (Depths:1)
  2 centaur warriors
  3 two-headed ogres
  A deep troll shaman (Depths:2)
  A spectral storm dragon (Vaults:4)
  A skeletal warrior (Crypt:3)
  A hell knight (Depths:5)
  3 deep trolls
  A deep elf archer (Vaults:5)
  An ironbrand convoker (Vaults:2)
  A harpy (Vaults:3)
  2 deep elf magi
  A wolf spider (Vaults:2)
  2 starcursed masses (Abyss:3)
  A titan simulacrum (Vaults:4)
  2 ancient zymes (Abyss:3)
  7 yaktaurs
  A sphinx simulacrum (Vaults:4)
  A slime creature (Depths:2)
  A fire giant simulacrum (Vaults:4)
  A water elemental (Depths:4)
  A large abomination (Abyss:3)
  2 neqoxecs (Abyss:3)
  2 orc warriors
  An ogre (Vaults:4)
  An orc simulacrum (Vaults:2)
  An elf simulacrum (Vaults:4)
  4 orcs
  A kobold (Depths:4)
  A plant (Depths:4)
  A starspawn tentacle (Abyss:3)
69 creatures vanquished.

Vanquished Creatures (others)
  A tentacled monstrosity (Vaults:5)
  2 tentacled starspawn
  2 tengu reavers (Vaults:3)
  A frost giant (Depths:1)
  2 large abominations
  2 ironheart preservers
  A war gargoyle (Vaults:5)
  A draconian stormcaller (Depths:5)
  A very ugly thing (Vaults:2)
  A deep elf demonologist (Elf:3)
  An entropy weaver (Vaults:4)
  A purple draconian (Depths:5)
  A merfolk impaler (Shoals:4)
  A deep elf high priest (Vaults:5)
  2 hydras
  An anaconda (Snake:4)
  A centaur warrior (Vaults:3)
  A two-headed ogre (Depths:4)
  A dancing weapon (Elf:3)
  An ogre mage (D:15)
  A deep troll earth mage (Depths:1)
  A deep elf knight (Vaults:2)
  An iron troll (Depths:1)
  A naga ritualist (Snake:4)
  A phantasmal warrior (Crypt:2)
  A wolf spider zombie (Crypt:1)
  A mana viper (Abyss:3)
  An orc sorcerer (D:15)
  A salamander (shapeshifter) (Vaults:3)
  2 manticores (Shoals:4)
  A merfolk siren (Shoals:2)
  A vault sentinel (Vaults:5)
  A naga mage (Snake:3)
  3 black mambas
  A snapping turtle (Shoals:2)
  A wraith (D:14)
  A water elemental (Shoals:4)
  A human (shapeshifter) (Depths:3)
  A basilisk (shapeshifter) (Depths:2)
  A fire elemental (Elf:2)
  2 nagas
  2 orc warriors (Vaults:4)
  A boggart (Lair:6)
  A wolf (Lair:6)
  A crocodile (Lair:5)
  2 ogres (Depths:1)
  An orc priest (Vaults:4)
  3 white imps (IceCv)
  2 ufetubi (IceCv)
  7 orcs
  A jackal zombie (Crypt:1)
  2 kobolds (D:9)
  3 briar patches (D:13)
  A bush (Lair:1)
  3 demonic plants (Gauntlet)
  9 fungi
  3 lurking horrors (Abyss:3)
  13 plants
  30 starspawn tentacles
  5 withered plants
140 creatures vanquished.

Grand Total: 3390 creatures vanquished

Notes
Turn   | Place    | Note
-------+----------+-------------------------------------------
     0 | D:1      | sankara the Troll Monk began the quest for the Orb.
     0 | D:1      | Reached XP level 1. HP: 22/22 MP: 0/0
   106 | D:1      | Reached XP level 2. HP: 29/29 MP: 1/1
   655 | D:2      | Reached XP level 3. HP: 36/36 MP: 2/2
   743 | D:2      | Found a runed translucent door.
   744 | D:2      | Noticed Crazy Yiuf
   767 | D:2      | Found a hazy altar of Hepliaklqana.
   837 | D:2      | Reached skill level 4 in Unarmed Combat
   990 | D:2      | Reached XP level 4. HP: 38/44 MP: 3/3
  1064 | D:2      | Noticed Terence
  1084 | D:2      | Killed Terence
  1430 | D:2      | Found a shimmering blue altar of Sif Muna.
  1560 | D:2      | Killed Crazy Yiuf
  1715 | D:3      | Reached XP level 5. HP: 41/53 MP: 4/4
  2008 | D:3      | Found a burning altar of Makhleb.
  2146 | D:3      | Reached skill level 5 in Unarmed Combat
  2189 | D:3      | Noticed Sigmund
  2223 | D:3      | Killed Sigmund
  2223 | D:3      | Reached XP level 6. HP: 54/62 MP: 5/5
  2422 | D:4      | Found a transporter.
  2444 | D:4      | Found a transporter.
  2485 | D:4      | Noticed Farlane's ghost (amateur DEFE)
  2764 | D:4      | Reached skill level 6 in Unarmed Combat
  2764 | D:4      | Reached XP level 7. HP: 66/68 MP: 6/6
  2960 | D:5      | Entered Level 5 of the Dungeon
  3000 | D:5      | Found a blossoming altar of Fedhas.
  3004 | D:5      | Found a shattered altar of Ashenzari.
  3028 | D:5      | Noticed Edmund
  3042 | D:5      | Killed Edmund
  3069 | D:6      | Found a glowing drain.
  3081 | D:6      | Found Civveohir's Antique Weapon Shop.
  3130 | Sewer    | Entered a sewer
  3245 | Sewer    | Found a white marble altar of Elyvilon.
  3339 | D:6      | Reached skill level 7 in Unarmed Combat
  3452 | D:6      | Reached XP level 8. HP: 79/79 MP: 7/7
  3481 | D:7      | Noticed Dowan
  3483 | D:7      | Noticed Duvessa
  3487 | D:7      | Killed Dowan
  3494 | D:7      | Killed Duvessa
  3635 | D:7      | Found a staircase to the Ecumenical Temple.
  3642 | Temple   | Entered the Ecumenical Temple
  3802 | Temple   | Became a worshipper of Ru the Awakened
  3807 | Temple   | Gained mutation: You are somewhat unskilled. (-1 Apt) [Ru
                  | sacrifice]
  3807 | Temple   | Reduced skill Unarmed Combat to level 6
  3807 | Temple   | Reached * piety under Ru
  3807 | Temple   | Reached ** piety under Ru
  3921 | D:4      | Reached skill level 7 in Unarmed Combat
  3928 | D:4      | Killed Farlane's ghost
  5401 | D:8      | Found a flagged portal.
  5426 | Bailey   | Entered a bailey
  5454 | Bailey   | Reached skill level 8 in Unarmed Combat
  5627 | Bailey   | Found an iron altar of Okawaru.
  5627 | Bailey   | Noticed an orc high priest
  5627 | Bailey   | Noticed a kobold demonologist
  5628 | Bailey   | Noticed a rust devil
  5629 | Bailey   | Noticed a rust devil
  5629 | Bailey   | Noticed a soul eater
  5648 | Bailey   | Reached skill level 5 in Fighting
  5648 | Bailey   | Reached skill level 5 in Dodging
  5648 | Bailey   | Reached XP level 9. HP: 50/88 MP: 8/8
  5651 | Bailey   | Killed a kobold demonologist
  5652 | Bailey   | Killed an orc high priest
  5652 | Bailey   | Reached skill level 9 in Unarmed Combat
  5860 | Bailey   | Got a shadowed robe
  5862 | Bailey   | Got crude acid dragon scales
  5865 | Bailey   | Identified the +1 acid dragon scales of the Comet {rF+
                  | rCorr} (You found it in a bailey)
  5876 | Bailey   | Identified the +1 robe of Cofuse {Stlth+} (You found it in
                  | a bailey)
  5994 | Bailey   | Acquired 720 gold pieces
  6027 | Bailey   | Reached skill level 1 in Armour
  6107 | Bailey   | Gained mutation: You cannot be stealthy. [Ru sacrifice]
  6616 | Bailey   | Reached XP level 10. HP: 74/98 MP: 9/9
  6887 | D:8      | Noticed Gastronok
  6914 | D:8      | Killed Gastronok
  6914 | D:8      | Reached skill level 10 in Unarmed Combat
  6997 | D:8      | Noticed a two-headed ogre
  7003 | D:8      | Killed a two-headed ogre
  7383 | D:8      | Reached XP level 11. HP: 85/109 MP: 10/10
  7683 | D:8      | Found the +6 lightning scales {run, rElec}
  7866 | D:9      | Reached skill level 11 in Unarmed Combat
  8092 | D:9      | Gained mutation: Your cowardice makes you less effective in
                  | combat with threatening monsters. [Ru sacrifice]
  8092 | D:9      | Reached *** piety under Ru
  8208 | D:9      | Found a shattered altar of Ashenzari.
  8208 | D:9      | Noticed a two-headed ogre
  8303 | D:9      | Found a sparkling altar of Nemelex Xobeh.
  8422 | D:9      | Killed a two-headed ogre
  8511 | D:10     | Entered Level 10 of the Dungeon
  8765 | D:10     | Found a staircase to the Lair.
  8846 | D:10     | Noticed a two-headed ogre
  8851 | D:10     | Killed a two-headed ogre
  8851 | D:10     | Reached skill level 5 in Armour
  9676 | Lair:1   | Entered Level 1 of the Lair of Beasts
  9804 | Lair:1   | Noticed a five-headed hydra
  9847 | Lair:1   | Killed an 11-headed hydra
 10014 | Lair:1   | Reached skill level 12 in Unarmed Combat
 10044 | Lair:1   | Gained mutation: You are missing an eye, making it more
                  | difficult to aim. [Ru sacrifice]
 10044 | Lair:1   | Reached **** piety under Ru
 10333 | Lair:1   | Reached XP level 12. HP: 80/119 MP: 11/11
 10991 | Lair:2   | Found a gate leading to a gauntlet.
 11057 | Gauntlet | Entered a Gauntlet
 11057 | Gauntlet | Found a transporter.
 11118 | Gauntlet | Found a transporter.
 11126 | Gauntlet | Found a transporter.
 11128 | Gauntlet | Found a transporter.
 11132 | Gauntlet | Found a runed translucent door.
 11132 | Gauntlet | Found a runed translucent door.
 11135 | Gauntlet | Noticed a death yak
 11137 | Gauntlet | Noticed a death yak
 11137 | Gauntlet | Noticed a death yak
 11139 | Gauntlet | Found a transporter.
 11139 | Gauntlet | Noticed a death yak
 11139 | Gauntlet | Noticed a death yak
 11139 | Gauntlet | Noticed a death yak
 11155 | Gauntlet | Found a transporter.
 11165 | Gauntlet | Found a transporter.
 11169 | Gauntlet | Found a transporter.
 11169 | Gauntlet | Found a transporter.
 11191 | Gauntlet | Found a transporter.
 11194 | Gauntlet | Noticed an entropy weaver
 11205 | Gauntlet | Found a transporter.
 11214 | Gauntlet | Found a transporter.
 11219 | Gauntlet | Found a transporter.
 11242 | Gauntlet | Found a transporter.
 11415 | Gauntlet | Got a spiked cloak
 11430 | Gauntlet | Identified the -1 cloak of Too Many Cooks {rF- Dex+6
                  | Slay+5} (You found it in a Gauntlet)
 11546 | Gauntlet | Got a shimmering platinum ring
 11557 | Gauntlet | Identified the ring of the Foremost Bones {rN+ Dex+4} (You
                  | found it in a Gauntlet)
 11586 | Gauntlet | Noticed a minotaur
 11599 | Gauntlet | Killed a minotaur
 11801 | Lair:2   | Reached skill level 13 in Unarmed Combat
 11998 | Lair:2   | Found a staircase to the Snake Pit.
 12184 | Lair:2   | Gained mutation: You are weak. (Str -2) [Ru sacrifice]
 12184 | Lair:2   | Reached ***** piety under Ru
 12496 | Lair:2   | You fall into a shaft and drop 2 floors!
 12617 | Lair:3   | Found a staircase to the Shoals.
 12649 | Lair:3   | Noticed a seven-headed hydra
 12660 | Lair:3   | Killed a 12-headed hydra
 12794 | Lair:3   | Noticed a queen ant
 12839 | Lair:2   | Killed a queen ant
 12839 | Lair:2   | Reached XP level 13. HP: 65/131 MP: 12/12
 13220 | Lair:3   | Reached skill level 14 in Unarmed Combat
 15206 | Lair:5   | HP: 3/132 [six-headed hydra (5)]
 15654 | Lair:5   | Reached skill level 15 in Unarmed Combat
 15724 | Lair:5   | Reached skill level 10 in Fighting
 15981 | Lair:5   | Found the +5 demon whip "Spellbinder" {antimagic, MR+}
 16268 | Lair:5   | Gained mutation: You cannot study or use magical devices.
                  | [Ru sacrifice]
 16268 | Lair:5   | Reached ****** piety under Ru
 16516 | Lair:6   | Entered Level 6 of the Lair of Beasts
 16516 | Lair:6   | Noticed Sonja
 16643 | Lair:6   | Reached XP level 14. HP: 132/143 MP: 13/13
 16650 | Lair:6   | Killed Sonja
 16791 | Lair:6   | Paralysed by a hornet for 1 turns
 17348 | Lair:6   | Learned a level 2 spell: Blink
 17857 | Lair:6   | Reached skill level 16 in Unarmed Combat
 17915 | Lair:6   | Found a staircase to the Slime Pits.
 18858 | D:11     | Found a roughly hewn altar of Beogh.
 18858 | D:11     | Found a staircase to the Orcish Mines.
 19672 | D:11     | Found a bloodstained altar of Trog.
 20117 | D:12     | Reached skill level 1 in Throwing
 20354 | D:12     | Reached XP level 15. HP: 152/152 MP: 14/14
 20592 | D:12     | Got a twisted hunting sling
 20593 | D:12     | Identified the +5 hunting sling "Killer Bee's Curse"
                  | {speed, rN+++ MR-} (You found it on level 12 of the
                  | Dungeon)
 21199 | Orc:1    | Entered Level 1 of the Orcish Mines
 21278 | Orc:1    | Found a runed translucent door.
 21292 | Orc:1    | Found the +10 tower shield of Ignorance {rN+ Int-4}
 21702 | Orc:1    | Found a runed translucent door.
 21900 | Orc:2    | Entered Level 2 of the Orcish Mines
 21900 | Orc:2    | Found a staircase to the Elven Halls.
 22132 | Orc:2    | Found Noraz's Magic Scroll Shoppe.
 22641 | Orc:2    | Reached skill level 17 in Unarmed Combat
 22869 | Orc:2    | Found Hydoceusk's Food Boutique.
 22870 | Orc:2    | Found Pyudyteo's Jewellery Shoppe.
 22884 | Orc:2    | Bought a scroll of identify for 34 gold pieces
 22884 | Orc:2    | Bought a scroll of identify for 34 gold pieces
 22893 | Orc:2    | Found Xaqitti's Weapon Emporium.
 23544 | D:13     | Found a transporter.
 23877 | D:13     | Found a transporter.
 24316 | D:14     | You fall into a shaft and drop 1 floor!
 24316 | D:15     | Entered Level 15 of the Dungeon
 24316 | D:15     | Noticed Agnes
 24322 | D:15     | Killed Agnes
 24463 | D:15     | Found a stormy altar of Qazlal.
 25361 | D:14     | Noticed Rupert
 25363 | D:14     | Paralysed by Rupert for 4 turns
 25377 | D:14     | Killed Rupert
 25377 | D:14     | Reached XP level 16. HP: 141/163 MP: 15/15
 25827 | D:14     | Identified Roxanne's Volume of Transmutation
 25827 | D:14     | Noticed Roxanne
 25852 | D:14     | Killed Roxanne
 25853 | D:14     | Paralysed by a hornet for 1 turns
 26023 | D:14     | Reached skill level 5 in Throwing
 26300 | D:14     | Found a gate to the Vaults.
 26645 | D:15     | Reached skill level 18 in Unarmed Combat
 26794 | D:15     | Found a staircase to the Depths.
 27101 | D:15     | Noticed Blork the orc
 27130 | D:15     | Killed Blork the orc
 27134 | D:15     | Found a shimmering blue altar of Sif Muna.
 27394 | Lair:1   | Learned a level 1 spell: Apportation
 27413 | Lair:1   | Acquired 420 gold pieces
 27414 | Lair:1   | Acquired the amulet of Anyqujuh {*Drain rC++ Regen+ SInv
                  | Stlth+}
 27837 | D:13     | Gained mutation: Scrolls take you a little longer to read.
                  | [mutagenic glow]
 27865 | D:13     | Got a crude golden ring
 27868 | D:13     | Got a bloodstained helmet
 27885 | D:13     | Gained mutation: Your magical capacity is low. (-10% MP)
                  | [mutagenic glow]
 27942 | D:11     | Gained mutation: You are very weak. (Str -4) [mutagenic
                  | glow]
 27975 | D:11     | Gained mutation: Scrolls take you longer to read.
                  | [mutagenic glow]
 28022 | Lair:1   | Lost mutation: Scrolls take you longer to read. [potion of
                  | mutation]
 28022 | Lair:1   | Lost mutation: You are very weak. (Str -4) [potion of
                  | mutation]
 28022 | Lair:1   | Gained mutation: Potions are less effective at restoring
                  | your health. [potion of mutation]
 28022 | Lair:1   | Gained mutation: Your movements are slightly less
                  | encumbered by armour. (ER -2) [potion of mutation]
 28023 | Lair:1   | Lost mutation: Potions are less effective at restoring your
                  | health. [potion of mutation]
 28023 | Lair:1   | Lost mutation: Scrolls take you a little longer to read.
                  | [potion of mutation]
 28023 | Lair:1   | Lost mutation: Your magical capacity is low. (-10% MP)
                  | [potion of mutation]
 28023 | Lair:1   | Lost mutation: Your movements are slightly less encumbered
                  | by armour. (ER -2) [potion of mutation]
 28023 | Lair:1   | Gained mutation: Your body sometimes deteriorates upon
                  | taking damage. [potion of mutation]
 28023 | Lair:1   | Gained mutation: You heal very quickly. [potion of
                  | mutation]
 28023 | Lair:1   | Gained mutation: You evolve. [potion of mutation]
 28025 | Lair:1   | Identified the ring of Hiexier {rElec EV+4 Str+3} (You
                  | found it on level 13 of the Dungeon)
 28159 | Orc:2    | Bought an uncursed ring of poison resistance for 320 gold
                  | pieces
 28332 | Snake:1  | Entered Level 1 of the Snake Pit
 28332 | Snake:1  | Found Nesucsah's General Store.
 28493 | Snake:1  | Bought 2 potions of heal wounds for 150 gold pieces
 29287 | Snake:2  | Found Qanomequ's Armour Emporium.
 29294 | Snake:2  | Noticed Aizul
 29327 | Snake:2  | Killed Aizul
 29388 | Snake:1  | Lost mutation: You evolve. [end of evolution]
 29441 | Snake:2  | Bought the +11 ice dragon scales "Zuzey" {rF- rC++ rCorr
                  | Dex+4} for 1733 gold pieces
 29655 | Orc:2    | Bought the ring "Isuleolu" {rElec rF+ rC- Dex+6} for 1160
                  | gold pieces
 29659 | Orc:2    | Learned a level 1 spell: Beastly Appendage
 30620 | Snake:3  | Reached XP level 17. HP: 98/173 MP: 11/16
 30632 | Snake:3  | Found a frozen archway.
 30668 | IceCv    | Entered an ice cave
 31239 | Snake:3  | Reached skill level 10 in Armour
 31622 | Snake:3  | Found a runed translucent door.
 31624 | Snake:3  | Found a shimmering altar of Xom.
 31624 | Snake:3  | Noticed Gygal Fez's ghost (adept MiFi)
 31625 | Snake:3  | Identified the +12 broad axe of Callousness {chaos, Dex+5}
 31830 | Snake:3  | Noticed Vashnia
 31852 | Snake:3  | Killed Vashnia
 32078 | Snake:4  | Entered Level 4 of the Snake Pit
 32721 | Snake:4  | Reached skill level 19 in Unarmed Combat
 33670 | Snake:4  | Reached XP level 18. HP: 183/183 MP: 17/17
 33891 | Snake:4  | Got a serpentine rune of Zot
 34009 | Snake:4  | Learned a level 2 spell: Passwall
 34280 | Shoals:1 | Entered Level 1 of the Shoals
 34456 | Shoals:1 | Found Meeteud's Antique Weapon Shoppe.
 35080 | Shoals:1 | Noticed Jorgrun
 35101 | Shoals:1 | Killed Jorgrun
 36835 | Shoals:4 | Entered Level 4 of the Shoals
 36835 | Shoals:4 | Found Exzoeddi's Gadget Emporium.
 37048 | Shoals:3 | Found Efofrum's Antique Weapon Shoppe.
 37592 | Shoals:4 | Got a flickering amber ring
 37593 | Shoals:4 | Identified the ring "Nor Hull" {rPois MP+9} (You found it
                  | on level 4 of the Shoals)
 38023 | Shoals:4 | Got a barnacled rune of Zot
 38100 | Shoals:4 | Reached XP level 19. HP: 98/195 MP: 9/18
 39022 | Elf:1    | Entered Level 1 of the Elven Halls
 39144 | Elf:1    | You fall into a shaft and drop 1 floor!
 39527 | Elf:2    | Found a runed translucent gate.
 39527 | Elf:2    | Found a runed translucent gate.
 39527 | Elf:2    | Found a runed translucent gate.
 39718 | Elf:2    | Found Puuho's Practical Paraphernalia.
 40817 | Elf:1    | Found Zinal's Book Boutique.
 41065 | Elf:3    | Entered Level 3 of the Elven Halls
 41069 | Elf:3    | Noticed Nikola
 41084 | Elf:3    | Killed Nikola
 41888 | Elf:3    | Reached skill level 20 in Unarmed Combat
 41964 | Elf:3    | Identified the amulet of Kolucs {Acrobat rF+ MR++ Str-4
                  | SInv}
 41985 | Elf:3    | Reached XP level 20. HP: 197/206 MP: 10/19
 42312 | Elf:3    | Identified Sif Muna's Handbook of Talismans
 42325 | Elf:3    | Found the +10 Black Knight's horse barding {ponderous,
                  | rPois rN+}
 42783 | Vaults:1 | Entered Level 1 of the Vaults
 43399 | Vaults:1 | Noticed Saint Roka
 43464 | Vaults:1 | Killed Saint Roka
 43631 | Vaults:1 | Found the amulet of Vitality {Regen+ HP+15}
 44311 | Vaults:1 | Noticed Iloemm's ghost (adept HOMo)
 44312 | Vaults:1 | Found a runed translucent gate.
 44312 | Vaults:1 | Found a runed translucent gate.
 44312 | Vaults:1 | Found a runed translucent gate.
 44312 | Vaults:1 | Noticed Yjimoseergh's ghost (adept SpFE)
 44313 | Vaults:1 | Noticed HilariousDeathArtist's ghost (adept CeWn)
 44534 | Vaults:1 | Killed Iloemm's ghost
 44540 | Vaults:1 | Killed Yjimoseergh's ghost
 44563 | Vaults:1 | Killed HilariousDeathArtist's ghost
 44576 | Vaults:1 | Identified the Volume of Darkness and Cold
 44599 | Vaults:1 | Learned a level 1 spell: Animate Skeleton
 44757 | Vaults:2 | Reached skill level 15 in Armour
 44779 | Vaults:2 | Found a staircase to the Crypt.
 45033 | Vaults:2 | Found Oqirro Ythra's General Store.
 45127 | Vaults:2 | Reached skill level 1 in Necromancy
 45432 | Vaults:2 | Noticed Margery
 45449 | Vaults:2 | Killed Margery
 45455 | Vaults:2 | Reached XP level 21. HP: 133/215 MP: 17/20
 45929 | Vaults:2 | Bought 2 potions of heal wounds for 140 gold pieces
 46388 | Vaults:2 | Found a runed translucent door.
 46388 | Vaults:2 | Found a shimmering altar of Xom.
 46388 | Vaults:2 | Identified the +11 broad axe of Cheibriados's Envy {chaos,
                  | rF+ Int+7}
 46388 | Vaults:2 | Noticed Setanta's ghost (adept MiFi)
 46448 | Vaults:2 | Killed Setanta's ghost
 46451 | Vaults:2 | Identified Bocsonum's Further Steps in Magic
 46604 | Vaults:2 | Found Qoovvid's Antique Armour Boutique.
 46888 | Vaults:2 | Found Xovag's Antique Armour Boutique.
 46898 | Vaults:2 | Found Uturph's Antique Armour Shop.
 47306 | Vaults:3 | Reached skill level 15 in Fighting
 47599 | Vaults:3 | Identified Sif Muna's Compendium of Contamination and the
                  | Compass
 47605 | Vaults:3 | Learned a level 3 spell: Portal Projectile
 47738 | Vaults:3 | Noticed Sojobo
 47753 | Vaults:3 | Killed Sojobo
 48593 | Vaults:3 | Reached skill level 21 in Unarmed Combat
 48665 | Vaults:3 | Found Ruobeimn's Weapon Shoppe.
 49185 | Vaults:4 | Noticed Boris
 49194 | Vaults:4 | Killed Boris
 49394 | Vaults:4 | Reached XP level 22. HP: 165/227 MP: 21/21
 49848 | Vaults:4 | Noticed Jory
 49873 | Vaults:4 | Killed Jory
 49873 | Vaults:4 | Reached skill level 5 in Necromancy
 50012 | Vaults:4 | Reached skill level 1 in Translocations
 50128 | Vaults:4 | Found a runed translucent gate.
 50128 | Vaults:4 | Found a runed translucent gate.
 50128 | Vaults:4 | Found a runed translucent gate.
 50130 | Vaults:4 | Noticed wjh11's ghost (veteran MiBe)
 50167 | Vaults:4 | Killed wjh11's ghost
 51082 | Vaults:4 | Found Deopran's Antique Weapon Shoppe.
 52132 | Vaults:5 | Entered Level 5 of the Vaults
 52132 | Vaults:5 | Noticed a golden dragon
 52169 | Vaults:5 | Killed a golden dragon
 52529 | Vaults:5 | Noticed an ancient lich
 52544 | Vaults:5 | Killed an ancient lich
 52773 | Vaults:5 | Identified the cursed +0 morningstar of the Eel {vorpal,
                  | rN++ Str+4}
 52809 | Vaults:5 | Reached XP level 23. HP: 132/237 MP: 22/22
 52820 | Vaults:5 | Noticed an ancient lich
 53041 | Vaults:5 | Identified the +6 scimitar "Eclouhiaf" {protect, rC+ MP+9}
 53073 | Vaults:5 | Reached skill level 5 in Translocations
 53456 | Vaults:5 | Killed an ancient lich
 53928 | Vaults:5 | Got a silver rune of Zot
 55122 | Depths:1 | Entered Level 1 of the Depths
 55229 | Depths:1 | Reached skill level 22 in Unarmed Combat
 55251 | Depths:1 | Found a one-way gate leading to the halls of Pandemonium.
 55447 | Depths:1 | Found a gateway to Hell.
 55659 | Depths:1 | Reached skill level 10 in Throwing
 55849 | Depths:1 | Found a gateway to a ziggurat.
 56141 | Depths:1 | Found a one-way gate to the infinite horrors of the Abyss.
 56970 | Depths:2 | Reached XP level 24. HP: 159/250 MP: 22/22
 58661 | Depths:3 | Noticed Asterion
 58680 | Depths:3 | Killed Asterion
 60681 | Depths:4 | Learned a level 4 spell: Animate Dead
 61287 | Depths:4 | Reached XP level 25. HP: 236/261 MP: 22/22
 61809 | Depths:4 | Found The Legendary Ogeit's Legendary Smithy.
 61831 | Depths:4 | Found Dobruid's Slaves and Accessories.
 61890 | Depths:4 | Found Jack's Jerk-a-riffic Jerky.
 61948 | Depths:4 | Found Xorelyo's Miraculous Elixirs.
 62271 | Depths:5 | Entered Level 5 of the Depths
 62442 | Depths:5 | Found a gate to the Realm of Zot.
 62857 | Depths:5 | Got a pitted crystal amulet
 63167 | Depths:5 | Reached skill level 23 in Unarmed Combat
 63295 | Depths:5 | Noticed Boris
 63313 | Depths:5 | Killed Boris
 63490 | Depths:5 | Gained mutation: You are dopey. (Int -2) [mutagenic glow]
 63567 | Depths:5 | Gained mutation: Scrolls take you a little longer to read.
                  | [mutagenic glow]
 63938 | Lair:1   | Identified the amulet of Xuhetiz {Acrobat Dex+6} (You found
                  | it on level 5 of the Depths)
 63944 | Lair:1   | Lost mutation: Scrolls take you a little longer to read.
                  | [potion of mutation]
 63944 | Lair:1   | Lost mutation: You are dopey. (Int -2) [potion of mutation]
 63944 | Lair:1   | Lost mutation: Your body sometimes deteriorates upon taking
                  | damage. [potion of mutation]
 63944 | Lair:1   | Gained mutation: You possess an exceptional clarity of
                  | mind. [potion of mutation]
 63944 | Lair:1   | Gained mutation: You are partially covered in slimy green
                  | scales. (AC +2) [potion of mutation]
 64155 | Crypt:1  | Entered Level 1 of the Crypt
 64155 | Crypt:1  | Noticed Boris
 64614 | Vaults:2 | Killed Boris
 65533 | Crypt:2  | Reached skill level 24 in Unarmed Combat
 65685 | Crypt:2  | Found a runed translucent door.
 65685 | Crypt:2  | Noticed Hun Wiug's ghost (veteran GrEE)
 66137 | Crypt:2  | Killed Hun Wiug's ghost
 66195 | Crypt:3  | Entered Level 3 of the Crypt
 66307 | Crypt:3  | Reached XP level 26. HP: 269/270 MP: 22/22
 66506 | Crypt:3  | Reached skill level 25 in Unarmed Combat
 66521 | Crypt:3  | Found a staircase to the Tomb.
 66575 | Crypt:3  | Found an ancient bone altar of Kikubaaqudgha.
 66576 | Crypt:3  | Noticed an ancient lich
 66583 | Crypt:3  | Killed an ancient lich
 66831 | Crypt:3  | Noticed Mennas
 66878 | Crypt:3  | Killed Mennas
 67642 | Hell     | Entered the Vestibule of Hell
 67645 | Hell     | Noticed Geryon
 68310 | Hell     | Killed Geryon
 68501 | Hell     | Found a gateway to the ashen valley of Gehenna.
 68658 | Hell     | Found a gateway to the decaying netherworld of Tartarus.
 68832 | Hell     | Found a gateway to the Iron City of Dis.
 68900 | Hell     | Found a gateway to the freezing wastes of Cocytus.
 69607 | Depths:1 | Voluntarily entered the Abyss.
 70003 | Abyss:2  | Reached skill level 1 in Hexes
 70215 | Abyss:2  | Paralysed by you for 5 turns
 70417 | Abyss:3  | Found a corrupted altar of Lugonu.
 70905 | Abyss:3  | Got a sparkling granite ring
 70906 | Abyss:3  | Identified the ring of Utamuq {rC- MP+9 Int+5} (You found
                  | it on level 3 of the Abyss)
 70949 | Abyss:3  | Got a smoking bone amulet
 70958 | Abyss:3  | Identified the amulet of Wariness {RegenMP Str-2 Dex+10
                  | Slay-3} (You found it on level 3 of the Abyss)
 71067 | Abyss:3  | Reached XP level 27. HP: 228/281 MP: 22/22
 71931 | Abyss:3  | Reached skill level 26 in Unarmed Combat
 72120 | Abyss:3  | Found a corrupted altar of Lugonu.
 72513 | Abyss:3  | Identified the Handbook of the Freezing Entourage
 72655 | Abyss:3  | Gained mutation: Scrolls take you a little longer to read.
                  | [a neqoxec]
 72837 | Abyss:3  | Got an abyssal rune of Zot
 72905 | Abyss:3  | Paralysed by accursed screaming for 1 turns
 73074 | Depths:1 | Escaped the Abyss
 73785 | Geh:1    | Entered Level 1 of Gehenna
 73807 | Geh:1    | Reached skill level 1 in Shields
 74060 | Geh:1    | Cast into level 1 of the Abyss (red devil)
 74085 | Abyss:1  | Paralysed by accursed screaming for 2 turns
 74098 | Abyss:1  | Paralysed by accursed screaming for 2 turns
 74100 | Abyss:1  | Killed from afar by a starcursed mass

Illustrated notes

Levels and vault maps discovered:
D:1:      ebering_hopf_link, layout_basic, serial_forest,
          infiniplex_forest_clump_cross, infiniplex_forest_end_1,
          infiniplex_forest_end_1, infiniplex_forest_clump_diagonal,
          infiniplex_forest_clump_cross
D:2:      layout_basic, lemuel_coloured_pillars_altar,
          nicolae_overflow_crystal_walls, uniq_crazy_yiuf_cottage, uniq_terence
D:3:      layout_loops_ring, lemuel_doored_altar, first_ration, uniq_sigmund
D:4:      layout_rooms, gammafunk_ghost_mausoleum
D:5:      layout_cave_pools, old_standard_altar, basic_altar, uniq_edmund
D:6:      layout_loops_cross, serial_shops, kennysheep_little_box,
          portal_sewer_entry_f
D:7:      layout_loops_ring, minmay_temple_entry_gardened_gates, uniq_duvessa
D:8:      layout_loops_corners, enter_bailey_2, grunt_livestock, uniq_gastronok
D:9:      layout_cave_pools, old_standard_altar, nicolae_ashenzari_panopticon
D:10:     wad_crossroads, layout_layer_cave, lair_entry_dummy
D:11:     layout_grid_maze, david_orc_5, trog_ov_bears_minmay
D:12:     cheibrodos_helix_gallery, layout_cave_pods
D:13:     gammafunk_worm_tunnel, layout_basic
D:14:     layout_cave_pools, david_vaults_5, minmay_fractal_squares_diagonal_5,
          uniq_roxanne, uniq_rupert
D:15:     grunt_enter_depths_magical_seal, layout_loops_corners, tgw_sif,
          basic_altar, uniq_agnes
Temple:   regret_index_temple_sphere_string
Lair:1:   layout_chaotic_city, serial_rivers, chequers_serial_rivers_micro_c,
          chequers_serial_rivers_micro_b, chequers_serial_rivers_large_b,
          chequers_serial_rivers_micro_c, chequers_serial_rivers_room_b,
          chequers_serial_rivers_large_a
Lair:2:   layout_cave_shapes, minmay_snake_entry_six_corridors,
          gauntlet_entry_generic
Lair:3:   layout_regular_city, shoals_dummy_entry,
          chequers_serial_rivers_micro_e, minivault_29
Lair:4:   layout_roguey, serial_bayou_shore_b, lemuel_fruit_tree,
          infiniplex_staircase_pool
Lair:5:   layout_roguey [special_room_bee], nicolae_volcano_entry_batcave,
          special_room [special_room_mythical_zoo]
Lair:6:   minmay_lair_end_enchanted_forest, layout_regular_city,
          nicolae_slime_entry_slimehenge, st_stairs_9,
          kennysheep_basilisk_garden, uniq_sonja
Shoals:1: layout_shoals, serial_shops, nicolae_shop_behind_doors,
          nicolae_shoals_drake_roost, uniq_jorgrun
Shoals:2: layout_shoals
Shoals:3: layout_shoals, serial_shops, shop
Shoals:4: shoals_end_grunt_ice, layout_shoals, serial_shops, shop,
          nicolae_shoals_water_shrine
Snake:1:  layout_cave_shapes, serial_shops, shop
Snake:2:  layout_onion_interference, serial_shops, shop, uniq_aizul
Snake:3:  layout_grid_maze, portal_ice_cave_entry_dragon, ebering_ghost_xom,
          st_stairs_14, drop_trap, uniq_vashnia
Snake:4:  johnstein_snake_rune_scales, layout_cave_town, grunt_ministairs_4
Orc:1:    layout_diamond_mine, chequers_guarded_unrand_ignorance
Orc:2:    st_orc_open, layout_diamond_mine
Elf:1:    layout_onion_city, serial_shops, shop_fountains,
          minmay_misc_feat_diagonals
Elf:2:    layout_geoelf_octagon, nicolae_alphabet_shops,
          serial_sigils_hangedman_gnaw, corner_web_ring
Elf:3:    elf_hall, layout_gridlike, uniq_nikola
Vaults:1: gammafunk_vaults_ghost_cemetery, vaults_mumra_chevron,
          vaults_mumra_chevron_long, nicolae_vaults_little_squares_6,
          vaults_room_hangedman_quadrants, ontoclasm_vaults_twist,
          layout_vaults_quadrants, uniq_saint_roka
Vaults:2: ebering_vaults_ghost_xom, v_misc_18,
          dpeg_vaults_pockets_of_resistance, minmay_crypt_entry_simple_statues,
          v_misc_8, ontoclasm_vaults_bender, v_misc_15, v_misc_16, v_misc_30,
          nicolae_vaults_asterisk, layout_vaults_big_room, serial_shops,
          shop_fountains, nicolae_shop_crystal, shop, shop, uniq_margery
Vaults:3: nicolae_vaults_border_crossing, vaults_room_door_hall,
          v_alt_pattern_5, vaults_mumra_minichess_inversion, st_quartered_hall,
          hangedman_vaults_stagger, vaults_standard_mumra_enter_the_diamond,
          vaults_mumra_lcd, nicolae_vaults_little_squares_3,
          vaults_room_octagon, ontoclasm_vaults_ring_small,
          nicolae_vaults_specimen_jars, layout_vaults_big_cross, serial_shops,
          shop, uniq_sojobo
Vaults:4: gammafunk_vaults_ghost_necromancy, hangedman_vaults_stream,
          nicolae_vaults_big_ls, v_misc_12, hangedman_vaults_maws,
          hangedman_vaults_cutoff, hangedman_vaults_pinch,
          layout_vaults_maze_snakey, serial_shops, nicolae_shop_crystal,
          uniq_jory, uniq_boris
Vaults:5: serial_shops
Crypt:1:  layout_chaotic_city, grunt_megastairs_4
Crypt:2:  layout_gridlike, gammafunk_ghost_grave
Crypt:3:  cryptofortress_bobbens, uniq_mennas
Depths:1: layout_basic, enter_ziggurat_a, interstate_on_off,
          grunt_pan_entry_zigzag, abyss_entry_small_statue_room, hell_entry,
          kennysheep_generic_room_6
Depths:2: minmay_the_grid_octo_tiled_squarecenter_mashed
          [minmay_the_grid_octo_checkered, minmay_the_grid_octo_fan_narrow,
          minmay_the_grid_octo_fat_diamond, minmay_the_grid_octo_clover,
          minmay_the_grid_square_5x5_megaprize_open,
          minmay_the_grid_square_5x5_minibox,
          minmay_the_grid_square_5x5_spiral_small,
          minmay_the_grid_square_5x5_six, minmay_the_grid_square_5x5_bite],
          layout_cave_pools, rand_demon_pan_entry_8, hell_entry,
          minmay_misc_feat_secret_circle, item_on_display_a,
          infiniplex_staircase_trident
Depths:3: minmay_polygon_palace, layout_cave_pools, pan_entry,
          grunt_hell_entry_dis_grunt, solitary_fountain, minivault_16,
          grunt_ministairs_1, minmay_staircase_bubble, serial_bayou_shore_b,
          serial_bayou_shore_b, uniq_asterion
Depths:4: grated_community_mu [grated_community_mu_vampire_home,
          grated_community_mu_giant_home, grated_community_mu_spellcaster_home,
          grated_community_mu_orcish_home, grated_community_mu_troll_home,
          grated_community_mu_taur_home, grated_community_mu_unbuilt_plot],
          layout_basic, abyss_entry, serial_bayou_shore_a,
          grunt_pan_entry_in_and_out, hell_entry, nicolae_twisting_strands
Depths:5: grunt_zot_entry_bicorn, layout_gridlike, hell_entry,
          hangedman_decor_peaks_small, hangedman_decor_points,
          kilobyte_mutagenic_chamber
Hell
Geh:1:    layout_gehenna_lava_caves
Abyss:1:  base: Vaults:3, hangedman_abyss_or_decor_stagger,
          evilmike_abyss_exit_smiterflies, base:
Zot:5

Skill      XL: |  1  2  3  4  5  6  7  8  9 10 11 12 13 14 15 16 17 18 19 20 21 22 23 24 25 26 27 |
---------------+----------------------------------------------------------------------------------+-----
Unarmed Combat | 4 5 6 7 8 9 10 12 13 15 16 17 18 19 20 21 22 24 25 26 | 26.0
Fighting       | 3 4 5 7 8 9 10 11 12 13 14 15 16 17 18 | 18.2
Dodging        | 3 4 5 6 7 8 9 |  9.0
Stealth        | 0 |  0.0
Armour         | 1 4 5 7 8 9 11 12 14 15 16 17 18 | 18.9
Throwing       | 1 4 5 6 7 9 10 11 13 14 | 14.4
Necromancy     | 1 4 5 6 7 |  7.0
Translocations | 4 5 6 |  6.0
Hexes          | 2 4 |  4.0
Shields        | 3 |  3.9

Action                   |  1- 3 |  4- 6 |  7- 9 | 10-12 | 13-15 | 16-18 | 19-21 | 22-24 | 25-27 || total
-------------------------+-------+-------+-------+-------+-------+-------+-------+-------+-------++-------
Melee: Unarmed           |    85 |   160 |   310 |   779 |  1524 |  1807 |  1834 |  2089 |  2798 || 11386
       Punch             |       |     3 |     9 |    52 |   169 |   263 |   309 |   376 |   498 ||  1679
       Kick              |       |       |       |       |       |     7 |       |     4 |       ||    11
       Headbutt          |       |       |       |       |       |       |       |       |     3 ||     3
 Fire: Hunting sling     |       |       |       |       |     2 |       |       |       |     5 ||     7
Throw: Large rock        |       |       |     1 |    11 |     3 |     8 |    46 |    18 |     7 ||    94
       Stone             |       |       |    33 |       |     5 |       |       |       |       ||    38
       Dart              |       |       |     5 |       |    11 |     2 |       |    18 |       ||    36
       Boomerang         |       |       |       |       |    35 |    81 |    21 |    25 |    40 ||   202
       Javelin           |       |       |       |       |       |     7 |    11 |       |       ||    18
 Cast: Beastly Appendage |       |       |       |       |       |     2 |       |     1 |     1 ||     4
       Apportation       |       |       |       |       |       |     1 |       |       |       ||     1
       Animate Skeleton  |       |       |       |       |       |       |    84 |   184 |    67 ||   335
       Animate Dead      |       |       |       |       |       |       |       |     3 |       ||     3
       Blink             |       |       |       |       |       |       |       |     2 |     3 ||     5
       Portal Projectile |       |       |       |       |       |       |       |       |     1 ||     1
Invok: Sacrifice Skill   |       |       |     1 |       |       |       |       |       |       ||     1
       Sacrifice Stealth |       |       |     1 |       |       |       |       |       |       ||     1
       Sacrifice Courage |       |       |       |     1 |       |       |       |       |       ||     1
       Sacrifice an Eye  |       |       |       |     1 |       |       |       |       |       ||     1
       Draw Out Power    |       |       |       |     3 |     8 |     5 |     1 |     8 |     1 ||    26
       Sacrifice Purity  |       |       |       |     1 |       |       |       |       |       ||     1
       Power Leap        |       |       |       |       |    17 |    23 |    13 |     5 |     4 ||    62
       Sacrifice Artific |       |       |       |       |     1 |       |       |       |       ||     1
       Reject Sacrifices |       |       |       |       |     1 |       |       |       |       ||     1
       Apocalypse        |       |       |       |       |     1 |     2 |     7 |     3 |     1 ||    14
Evoke: Wand              |       |       |     5 |     1 |       |       |       |       |       ||     6
  Use: Scroll            |       |       |    12 |    23 |    12 |     7 |     5 |     4 |     5 ||    68
       Potion            |       |       |     4 |     7 |     3 |     4 |       |     3 |     5 ||    26
 Stab: Sleeping          |     2 |     5 |     7 |       |       |     1 |       |       |       ||    15
       Invisible         |       |       |     1 |     1 |    20 |    31 |    37 |    31 |    46 ||   167
       Distracted        |       |       |       |     5 |     9 |    21 |    24 |    27 |    40 ||   126
       Petrifying        |       |       |       |       |     1 |       |       |       |       ||     1
       Paralysed         |       |       |       |       |    17 |     9 |    13 |    19 |    13 ||    71
       Petrified         |       |       |       |       |     8 |       |       |       |       ||     8
  Eat: Chunk             |    15 |    16 |    35 |    57 |   120 |   101 |   109 |   114 |    57 ||   624
       Ration            |       |       |       |       |       |     6 |       |     1 |    16 ||    23
Armor: Robe              |    25 |    70 |    65 |       |       |       |       |       |       ||   160
       Acid dragon scale |       |       |    17 |   360 |   675 |    82 |       |       |       ||  1134
       Ice dragon scales |       |       |       |       |       |   729 |   784 |   950 |  1195 ||  3658
       Fire dragon scale |       |       |       |       |       |    86 |       |       |       ||    86
       Gold dragon scale |       |       |       |       |       |       |       |       |    56 ||    56
Dodge: Dodged            |    70 |   105 |   119 |   488 |   956 |  1209 |   881 |  1218 |  1591 ||  6637
Block: Tower shield      |       |       |       |       |       |       |       |       |   130 ||   130
